Map: Blackpink LE

Players

mydream

  • Race: Terran Terran
  • Spawn Location: 1:00

fruitcake - Winner!

  • Race: Terran Terran
  • Spawn Location: 7:00

VOD

Have the link to the VOD?

Description

Time

  • Played on: May 9, 2018, 4:35 p.m.
  • Length: 8:31
Show
View Real Time Build Order
Export as new Build Order

mydream Terran 

Build Orders:  

Get SALT Encoding   

  12  0:02  SCV  
  13  0:18  Supply Depot  
  13  0:25  SCV  
  14  0:37  SCV  
  15  0:47  Barracks  
  15  0:54  SCV  
  16  1:06  SCV  
  17  1:18  SCV  
  18  1:28  Refinery  
  18  1:30  SCV  
  19  1:38  Command Center  
  19  2:02  Supply Depot  
  19  2:07  Marine  
  19  2:13  Orbital Command  
  19  2:26  Barracks Reactor  
  19  2:30  Barracks  
  19  2:41  SCV, Refinery  
  20  2:53  SCV  
  21  3:03  SCV  
  22  3:05  SCV  
  23  3:15  SCV  
  23  3:16  Factory  
  23  3:18  SCV  
  23  3:19  Marine  
  26  3:21  Marine x2  
  28  3:30  SCV  
  29  3:37  SCV, Marine  
  29  3:39  Marine x2  
  33  3:42  SCV  
  34  3:49  SCV  
  34  3:54  SCV  
  34  3:55  Marine  
  37  3:57  Marine x2  
  37  4:01  SCV, Supply Depot  
  40  4:04  Starport  
  40  4:06  SCV  
  40  4:07  Factory Tech Lab  
  41  4:13  SCV  
  41  4:15  Marine x2  
  45  4:18  SCV  
  46  4:25  Supply Depot  
  46  4:30  SCV  
  46  4:41  Supply Depot  
  46  4:44  Stimpack  
  46  4:47  SCV x2  
  48  4:56  Marine x2, Supply Depot  
  48  4:59  SCV x2  
  52  5:05  Medivac  
  52  5:06  Medivac  
  56  5:11  SCV  
  56  5:14  Marine x2  
  58  5:19  SCV  
  60  5:24  Supply Depot  
  60  5:27  Supply Depot  
  60  5:31  SCV, Marine x2  
  63  5:43  SCV  
  63  5:44  Medivac x2  
  63  5:49  Marine x2  
  70  5:55  SCV  
  71  6:00  Command Center  
  71  6:04  Supply Depot  
  71  6:07  Marine, Engineering Bay  
  71  6:08  SCV  
  73  6:14  Engineering Bay  
  73  6:18  Liberator x2  
  71  6:31  Marine  
  71  6:32  Marine  
  72  6:34  Widow Mine  
  80  6:49  Marine x2  
  76  6:55  Widow Mine  
  66  7:07  Marine x2  
  68  7:09  Supply Depot  
  68  7:11  Refinery  
  68  7:13  Refinery  
  68  7:17  Widow Mine  
  68  7:23  Liberator x2  
  68  7:25  Marine x2  
  70  7:43  Marine x2  
  69  8:01  Marine x2  
  63  8:16  Factory Tech Lab  
Show
View Real Time Build Order
Export as new Build Order

fruitcake Terran - Winner!

Build Orders:  

Get SALT Encoding   

  12  0:08  SCV  
  13  0:18  Supply Depot  
  13  0:20  SCV  
  14  0:32  SCV  
  14  0:33  Refinery  
  15  0:44  SCV  
  16  0:56  SCV  
  17  0:57  Barracks  
  17  1:08  SCV  
  18  1:20  SCV  
  19  1:34  SCV  
  19  1:37  Refinery  
  20  1:47  Marine  
  21  1:58  SCV  
  22  2:04  Marine  
  23  2:11  Factory  
  23  2:17  Orbital Command, Supply Depot  
  23  2:29  Command Center  
  23  2:36  Barracks Reactor  
  23  2:39  Barracks Tech Lab  
  23  2:45  Engineering Bay  
  22  3:03  Marauder  
  24  3:19  Terran Infantry Weapons Level 1  
  24  3:20  Barracks  
  24  3:23  SCV  
  25  3:37  SCV  
  26  3:44  Barracks Tech Lab  
  26  3:48  Cyclone  
  26  3:49  SCV  
  26  3:51  SCV  
  31  4:03  SCV  
  31  4:04  SCV  
  31  4:08  Marauder  
  31  4:09  Barracks Reactor  
  35  4:16  SCV  
  36  4:21  SCV  
  37  4:26  Cyclone  
  37  4:28  SCV  
  37  4:30  Marauder  
  43  4:33  SCV  
  44  4:43  Refinery  
  44  4:45  SCV, Refinery  
  45  4:46  Stimpack  
  45  4:47  Marine  
  46  4:58  Supply Depot x2  
  46  5:00  Marine, Marauder  
  52  5:10  SCV  
  53  5:22  SCV  
  53  5:27  Siege Tank  
  54  5:28  Marine x2  
  54  5:30  Marauder  
  54  5:34  SCV  
  59  5:39  SCV  
  60  5:47  SCV  
  61  5:51  SCV  
  61  5:52  Marauder  
  61  5:56  Marine x2  
  66  5:59  SCV, Siege Tank  
  66  6:01  Terran Infantry Armor Level 1  
  70  6:10  Supply Depot  
  70  6:23  SCV, Marauder  
  70  6:31  Marine x2  
  70  6:32  SCV, Siege Tank  
  76  6:35  SCV  
  77  6:44  SCV  
  78  7:07  Supply Depot  
  78  7:12  Marine x2, SCV  
  78  7:13  Marauder  
  78  7:14  Supply Depot  
  83  7:25  SCV  
  83  7:28  SCV  
  85  7:30  Marine x2  
  85  7:33  Supply Depot  
  85  7:34  Marauder  
  85  7:37  SCV  
  90  7:40  SCV, Missile Turret  
  90  7:43  Missile Turret  
  91  7:48  Marine x2  
  93  7:54  Missile Turret  
  93  7:55  Marauder  
  91  8:06  Marine x2  
  91  8:10  Missile Turret  
Tags
 
Add a new tag
Caveats
  • Supply blocks, unpowered buildings, or Contaminate may cause inaccurate times.
  • Supply counts are checked every 10 seconds.